 Dungeon Crawl Stone Soup version 0.31-a0-240-gb923e448b6 (webtiles) character file.

Game seed: 14978932084718084763

58 qw the Shooter (level 3, -4/29 HPs)
             Began as a Minotaur Hexslinger on July 12, 2023.
             Slain by a gnoll
             ... wielding a +1 spear of venom
              (7 damage)
             ... on level 3 of the Dungeon.
             The game lasted 00:00:38 (1408 turns).

qw the Shooter (Minotaur Hexslinger)                Turns: 1408, Time: 00:00:38

Health: -4/29      AC:  2    Str:  9 (12) XL:     3   Next: 76%
Magic:  3/3        EV: 12    Int:  9 (10) God:
Gold:   151        SH:  0    Dex: 12 (14) Spells: 3/4 levels left

rFire   . . .        Y - +1 sling
rCold   . . .        (no shield)
rNeg    . . .        c - +0 robe
rPois   .            (helmet restricted)
rElec   .            (no cloak)
rCorr   .            (no gloves)
SInv    .            (no boots)
Will    .....        (no amulet)
Stlth   +            (no ring)
HPRegen 0.24/turn    (no ring)
MPRegen 0.08/turn

%: no passive effects
@: lethally poisoned (-4 -> -7), about to teleport
A: horns 2, retaliatory headbutt
a: no special abilities


You were on level 3 of the Dungeon.
You visited 1 branch of the dungeon, and saw 3 of its levels.

You collected 151 gold pieces.


Innate Abilities, Weirdness & Mutations

You have a pair of horns on your head.
You reflexively headbutt those who attack you in melee.


   Skills:
 - Level 2.0 Fighting
 + Level 4.3 Ranged Weapons
 - Level 2.1 Dodging
 - Level 1.0 Spellcasting
 - Level 2.0 Hexes


You had 3 spell levels left.
You knew the following spells:

 Your Spells              Type           Power      Damage    Failure   Level
a - Slow                  Hex            16%        N/A       16%         1

Your spell library contained the following spells:

 Spells                   Type           Power      Damage    Failure   Level
 Inner Flame              Hex/Fire       2%         N/A       58%         3
 Portal Projectile        Hex/Tloc       4%         N/A       58%         3
 Cause Fear               Hex            2%         N/A       85%         4

Inventory:

Hand Weapons
 Y - a +1 sling (weapon)
Armour
 c - a +0 robe (worn)
Scrolls
 g - a scroll of teleportation
Potions
 a - a potion of brilliance {unknown}
 d - a potion of curing {unknown}
 f - a potion of might {unknown}
 i - a potion of enlightenment

Dungeon Overview and Level Annotations

Branches:
Dungeon (3/15)

Altars:
Qazlal

Shops:
D:1 [


Message History

A gnoll comes into view. It is wielding a +0 halberd.
The gnoll moves out of view.
You shoot a sling bullet. The sling bullet hits the gnoll.
The gnoll is almost dead.
You shoot a sling bullet.
The sling bullet barely misses the gnoll.
The gnoll hits you with a +0 club.
A gnoll comes into view. It is wielding a +0 club.
You shoot a sling bullet.
The sling bullet hits the gnoll but does no damage.
The gnoll is almost dead.
The gnoll closely misses you. The gnoll hits you but does no damage.
You shoot a sling bullet. The gnoll shouts!
The sling bullet hits the gnoll.
You kill the gnoll!
The gnoll barely misses you.
You shoot a sling bullet. The sling bullet hits the gnoll.
The gnoll is lightly wounded.
The gnoll barely misses you. The gnoll misses you.
You shoot a sling bullet. The sling bullet hits the gnoll.
The gnoll is lightly wounded.
The gnoll hits you from afar with a +1 spear of venom.
You are poisoned.
You shoot a sling bullet. The sling bullet hits the gnoll.
The gnoll is heavily wounded.
You feel sick.
The gnoll hits you from afar with a +1 spear of venom.
You shoot a sling bullet.
The sling bullet closely misses the gnoll.
The sling bullet barely misses the gnoll.
You feel sick. The gnoll hits you with a +0 club.
The gnoll hits you from afar with a +0 halberd!
The gnoll closely misses you.
1408 ||| READING 2 scrolls of teleportation.
As you read the scroll of teleportation, it crumbles to dust.
You feel strangely unstable.
You feel sick.
The gnoll hits you from afar with a +1 spear of venom!
You die...

#.. ..# #...#..#
#..##..#
##......#
...#...#
######.#gg.#
#...)..g...#
###..##.@#..#####
#...............#
###.#######.###.#
#.# #.# #.# #<#
#.###.# ###
#.....# #######


You could see 3 gnolls.

Vanquished Creatures
  A gnoll (D:3)
  A worm (D:2)
  2 dart slugs (D:2)
  7 endoplasms
  2 giant cockroaches
  3 goblins
  2 hobgoblins
  3 jackals (D:1)
  A quokka (D:1)
  5 ball pythons (D:2)
  6 frilled lizards
  3 kobolds
  5 rats
41 creatures vanquished.

Notes
Turn   | Place    | Note
-------+----------+-------------------------------------------
     0 | D:1      | qw the Minotaur Hexslinger began the quest for the Orb.
     0 | D:1      | Reached XP level 1. HP: 16/16 MP: 1/1
     0 | D:1      | 0 ||| qw: Version: 0.3-a-52-g30416fa
     0 | D:1      | 0 ||| qw: Game counter: 6159
     0 | D:1      | 0 ||| qw: Melee chars always use a shield: true
     0 | D:1      | 0 ||| qw: God list: Okawaru
     0 | D:1      | 0 ||| qw: Allow faded altars: false
     0 | D:1      | 0 ||| qw: Do Orc after clearing Dungeon:15 true
     0 | D:1      | 0 ||| qw: Do second Lair branch before Depths: true
     0 | D:1      | 0 ||| qw: Lair rune preference: random
     0 | D:1      | 0 ||| qw: Goals: Normal
     0 | D:1      | 0 ||| PLANNING D:1-11
   121 | D:1      | Reached skill level 3 in Ranged Weapons
   121 | D:1      | Reached XP level 2. HP: 23/23 MP: 2/2
   179 | D:1      | Found Kiytie Iwon's Antique Armour Shop.
   192 | D:1      | 192 ||| SHOPLISTING glowing leather armour (150 gold, have
                  | 29).
   192 | D:1      | 192 ||| SHOPLISTING leather armour (60 gold, have 29).
   192 | D:1      | 192 ||| SHOPLISTING runed cloak (225 gold, have 29).
   430 | D:1      | Found a faded altar of an unknown god.
   508 | D:1      | 508 ||| READING scroll labelled JENLEZ GUHE.
   510 | D:1      | 510 ||| FLEEEEING.
   511 | D:1      | 511 ||| FLEEEEING.
   512 | D:1      | 512 ||| FLEEEEING.
   518 | D:1      | 518 ||| FLEEEEING.
   647 | D:1      | HP: 6/24 [jackal (3)]
   782 | D:1      | 782 ||| READING scroll labelled LUIM APTOABYFF.
   783 | D:1      | 783 ||| READING scroll labelled HAZEEL JYUTIE.
   784 | D:1      | 784 ||| DRINKING 2 smoky inky potions.
   785 | D:1      | 785 ||| DROPPING scroll of poison.
   920 | D:2      | Reached XP level 3. HP: 29/29 MP: 3/3
  1195 | D:2      | Reached skill level 4 in Ranged Weapons
  1207 | D:2      | Found a stormy altar of Qazlal.
  1329 | D:2      | 1329 ||| READING scroll labelled NIHONOD LOOPNE.
  1330 | D:2      | 1330 ||| READING scroll labelled EDGHAE ZADEST.
  1331 | D:2      | 1331 ||| READING 3 scrolls labelled XITITW YSCHEBA.
  1336 | D:2      | 1336 ||| READING scroll labelled HEICORU HOMIQUEL.
  1337 | D:2      | 1337 ||| DRINKING 2 fizzy black potions.
  1338 | D:2      | 1338 ||| DROPPING potion of degeneration.
  1407 | D:3      | HP: 4/29 [gnoll/+0 halberd (7)]
  1408 | D:3      | 1408 ||| READING 2 scrolls of teleportation.
  1408 | D:3      | Slain by a gnoll

Levels and vault maps discovered:
D:1:      minmay_arrival_stone_box, layout_loops_cross,
          hellmonk_ecumenical_altar_pennies_from_heaven, serial_shops, shop
D:2:      layout_loops_ring, basic_altar
D:3:      layout_basic, minmay_surrounded, uniq_terence

Skill      XL: |  1  2  3 |
---------------+----------+-----
Ranged Weapons | 3 4 |  4.3
Fighting       | 2 |  2.0
Dodging        | |  2.1
Spellcasting   | |  1.0
Hexes          | |  2.0

Action                     || total
---------------------------++-------
   Fire: Sling             ||   141
    Use: Scroll            ||     8
         Potion            ||     2
 Armour: Robe              ||     6
  Dodge: Dodged            ||    31

Table legend:
 A = Non-vault XP
 B = Vault XP
 C = Vault XP percentage of total XP
 D = Non-vault monster count
 E = Vault monster count
 F = Vault count percentage of total count
                 A         B        C        D         E       F
            +---------+---------+-------+---------+---------+-------
      Total |      84 |       0 |   0.0 |      41 |       0 |   0.0
            +---------+---------+-------+---------+---------+-------
        D:1 |      34 |       0 |   0.0 |      21 |       0 |   0.0
        D:2 |      35 |       0 |   0.0 |      18 |       0 |   0.0
        D:3 |      15 |       0 |   0.0 |       2 |       0 |   0.0
            +---------+---------+-------+---------+---------+-------
